 Dungeon Crawl Stone Soup version 0.31-a0-640-g39d97e502b (webtiles) character file.

Game seed: 8647324980278794373

140 thirtiethelement the Grave Robber (level 5, 0/35 HPs)
             Began as a Demonspawn Necromancer on Aug 28, 2023.
             Was a Believer of Sif Muna.
             Slain by an orc wizard
             ... wielding a +0 dagger
              (1 damage)
             ... on level 4 of the Dungeon.
             The game lasted 00:06:45 (2753 turns).

thirtiethelement the Grave Robber (DsNe)            Turns: 2753, Time: 00:06:46

Health: 0/35       AC:  5    Str:  8    XL:     5   Next: 2%
Magic:  2/9        EV: 12    Int: 19    God:    Sif Muna [**....]
Gold:   168        SH:  0    Dex: 15    Spells: 6/10 levels left

rFire   . . .        p - +0 dagger (venom)
rCold   . . .        (no shield)
rNeg    . . .        a - +0 robe
rPois   .            n - +1 helmet
rElec   .            o - +0 cloak
rCorr   .            (no gloves)
SInv    .            (no boots)
Will    .....        (no amulet)
Stlth   +++          (no ring)
HPRegen 0.25/turn    (no ring)
MPRegen 0.11/turn

%: no passive effects
@: no status effects
A: thin skeletal structure 1
a: Renounce Religion, Channel Magic


You were on level 4 of the Dungeon.
You worshipped Sif Muna.
Sif Muna was pleased with you.
You visited 1 branch of the dungeon, and saw 4 of its levels.

You collected 204 gold pieces.
You spent 36 gold pieces at shops.

Inventory:

Hand Weapons
 p - a +0 dagger of venom (weapon)
Armour
 a - a +0 robe (worn)
 n - a +1 helmet (worn)
 o - a +0 cloak (worn)
Scrolls
 d - 2 scrolls of immolation
 e - a scroll of identify
 j - 2 scrolls of silence
 k - a scroll of teleportation
 l - a scroll of fog {unknown}
Potions
 b - a potion of magic
 c - 5 potions of curing {unknown}
 f - a potion of attraction {unknown}
 g - a potion of heal wounds {unknown}
 h - a potion of cancellation {unknown}
 i - a potion of degeneration {unknown}
 r - a potion of might {unknown}


   Skills:
 + Level 0.1 Fighting
 + Level 2.1 Dodging
 + Level 2.3 Stealth
 + Level 3.1 Spellcasting
 + Level 5.8 Necromancy


You had 6 spell levels left.
You knew the following spells:

 Your Spells              Type           Power      Damage    Failure   Level
a - Necrotise             Necr           100%       1d9       1%          1
b - Vampiric Draining     Necr           25%        2d7       4%          3

Your spell library contained the following spells:

 Spells                   Type           Power      Damage    Failure   Level
 Animate Dead             Necr           25%        N/A       14%         4
 Summon Small Mammal      Summ           12%        N/A       16%         1
 Agony                    Necr           25%        N/A       36%         5
 Call Canine Familiar     Summ           3%         N/A       41%         3
 Portal Projectile        Hex/Tloc       6%         N/A       41%         3
 Summon Guardian Golem    Hex/Summ       3%         N/A       41%         3
 Leda's Liquefaction      Hex/Erth       1%         N/A       83%         4


Dungeon Overview and Level Annotations

Branches:
Dungeon (4/15)
 Temple: D:4-7

Altars:
Sif Muna

Shops:
D:2 *

Annotations:
D:3 1 runed translucent door, Crazy Yiuf


Innate Abilities, Weirdness & Mutations

You have a somewhat thin skeletal structure. (Dex +2, Stealth+)


Message History

Press: ? - help, Shift-Dir - straight line, f/p - orc wizard
Aim: an orc wizard, wielding a +0 dagger and wearing a +0 robe (almost dead, ally target, chance to affect: 83%)
The orc wizard writhes in agony.
The orc wizard gestures at you while chanting.
The magic dart hits you.
Something closely misses your adder skeleton.
Something hits your adder skeleton.
Your adder skeleton is destroyed!
Casting: Necrotise (safe; 1% risk of failure)
Confirm with . or Enter, or press ? or * to list all spells.
Aiming: Necrotise (safe; 1% risk of failure)
Press: ? - help, Shift-Dir - straight line, f/p - orc wizard
Aim: an orc wizard, wielding a +0 dagger and wearing a +0 robe (almost dead, chance to affect: 83%)
The orc wizard writhes in agony.
You kill the orc wizard!
Sif Muna accepts your kill.
The dead are walking!
The orc wizard points at you and mumbles some strange words.
You are confused.
You have reached level 5!
You bump into the rock wall.
The orc wizard closely misses you.
Your orc wizard skeleton misses something.
Something hits you.
The orc wizard hits you with a +0 trident.
Your orc wizard skeleton closely misses something.
You barely miss something.
The orc wizard hits you with a +0 trident.
Your orc wizard skeleton hits the orc.
You hit the orc wizard.
The orc wizard is poisoned.
The orc wizard is heavily wounded.
You feel less confused. The orc barely misses you. Something hits you.
The orc wizard hits you with a +0 trident.
* * * LOW HITPOINT WARNING * * *
Your orc wizard skeleton hits the orc.
Okay, then.
The orc attacks as it pursues you! The orc hits you with a +0 flail!
* * * LOW HITPOINT WARNING * * *
The orc wizard misses you. Something hits you.
You die...

#.# . .... ..##.#
##.# ... #.##.#
..#...###.##.# ##
...#.....##.####
...##.#..##......<#
.........##.##.####
.#.......##.##.##
.........##@#...#####
........)oo.........#
............#######.#
.........Z.#...#
...............#
.....$....######
.........#.
.#..........
#......####


You could see an orc wizard (very poisoned, ally target), an orc and a friendly
orc wizard skeleton.

Vanquished Creatures
  2 orc wizards
  4 adders
  A worm (D:2)
  4 orcs (D:3)
  8 bats
  2 endoplasms
  2 giant cockroaches (D:1)
  5 goblins
  2 hobgoblins
  4 jackals (D:3)
  A quokka (D:2)
  6 ball pythons
  2 frilled lizards
  2 kobolds (D:3)
  A rat (D:2)
46 creatures vanquished.

Vanquished Creatures (collateral kills)
  A bat (D:2)
  A frilled lizard (D:2)
  A goblin (D:2)
3 creatures vanquished.

Grand Total: 49 creatures vanquished

Notes
Turn   | Place    | Note
-------+----------+-------------------------------------------
     0 | D:1      | thirtiethelement the Demonspawn Necromancer began the quest
                  | for the Orb.
     0 | D:1      | Reached XP level 1. HP: 13/13 MP: 3/3
   563 | D:1      | Gained mutation: You have a somewhat thin skeletal
                  | structure. (Dex +2, Stealth+) [demonic ancestry]
   563 | D:1      | Reached XP level 2. HP: 19/19 MP: 1/5
   871 | D:2      | Found a faded altar of an unknown god.
   874 | D:2      | Prayed at the altar of an unknown god.
   874 | D:2      | Became a worshipper of Sif Muna the Loreminder
   874 | D:2      | Reached * piety under Sif Muna
   927 | D:2      | Found Lyedump's Assorted Antiques.
   931 | D:2      | Bought a scroll labelled TOPOAXT ISESEB for 18 gold pieces
   931 | D:2      | Bought a scroll labelled KESTRO CYTTYCS for 18 gold pieces
  1156 | D:2      | Reached skill level 5 in Necromancy
  1197 | D:2      | Reached XP level 3. HP: 19/24 MP: 1/6
  1352 | D:2      | Reached ** piety under Sif Muna
  1527 | D:3      | Learned a level 3 spell: Vampiric Draining
  1924 | D:3      | Noticed a centaur
  1925 | D:3      | Noticed a centaur
  2341 | D:3      | Reached XP level 4. HP: 26/30 MP: 2/7
  2514 | D:3      | Found a runed translucent door.
  2515 | D:3      | Noticed Crazy Yiuf
  2748 | D:4      | Reached XP level 5. HP: 26/35 MP: 1/9
  2753 | D:4      | HP: 1/35 [orc/+0 flail (9)]
  2753 | D:4      | Slain by an orc wizard

Illustrated notes

Levels and vault maps discovered:
D:1:      dpeg_arrival_arbitrary_b, layout_loops_ring, skrybe_limestone_x,
          dreamdust_princess_corridor, st_stairs_12,
          chequers_serial_rivers_room_b
D:2:      layout_rooms, serial_shops, nicolae_shop_hallway_stairs,
          nicolae_ecumenical_oubliette
D:3:      minmay_wonky_spiral, layout_basic, lightli_corner_chamber,
          uniq_crazy_yiuf_cottage
D:4:      layout_basic, minmay_temple_entry_ruins, serial_shops,
          nicolae_shop_peninsula, shop,
          nicolae_shop_temple_entry_statues_fountains, shop,
          nicolae_shop_overgrown_old_shop, hangedman_abyss_or_decor_stagger

Skill      XL: |  1  2  3  4 |
---------------+-------------+-----
Necromancy     | 5 |  5.8
Stealth        | 2 |  2.3
Dodging        | 2 |  2.1
Spellcasting   | 3 |  3.1
Fighting       | |  0.1

Action                     |  1- 3 |  4- 6 || total
---------------------------+-------+-------++-------
  Melee: Dagger            |    55 |     9 ||    64
         Punch             |     1 |     1 ||     2
   Cast: Necrotise         |    51 |    10 ||    61
         Vampiric Draining |     2 |     1 ||     3
    Use: Scroll            |       |     6 ||     6
   Stab: Sleeping          |     2 |     1 ||     3
 Armour: Robe              |    11 |     6 ||    17
  Dodge: Dodged            |    45 |    11 ||    56

Table legend: (Time is in decaauts)
 A = Elapsed time spent in this place.
 B = Non-inter-level travel time spent in this place.
 C = Inter-level travel time spent in this place.
 D = Time resting spent in this place.
 E = Time spent auto-exploring this place.
 F = Levels seen in this place.
 G = Mean time per level.
                   A        B        C        D        E       F      G
               +--------+--------+--------+--------+--------+-----+--------+
         Total |   2754 |   2686 |     68 |    136 |   2117 |   4 |  688.5 |
       Dungeon |   2754 |   2686 |     68 |    136 |   2117 |   4 |  688.5 |
               +--------+--------+--------+--------+--------+-----+--------+

Top non-repeatable levels by time:
     D:3: 1184 daAuts
     D:1: 922 daAuts
     D:2: 569 daAuts
     D:4: 77 daAuts
